Map: Efflorescence LE

Players

Massa - Winner!

  • Race: Terran Terran
  • League: Platinum
  • Spawn Location: 9:00

qqq - Winner!

  • Race: Zerg Zerg
  • League: Platinum
  • Spawn Location: 6:00

AVP

  • Race: Zerg Zerg
  • Spawn Location: 12:00

BooMer

  • Race: Terran Terran
  • League: Platinum
  • Spawn Location: 3:00

VOD

Have the link to the VOD?

Description

Time

  • Played on: Jan. 10, 2021, 8:41 a.m.
  • Length: 5:58
Show
View Real Time Build Order
Export as new Build Order

Massa Terran - Winner!

Build Orders:  

Get SALT Encoding   

  12  0:00  SCV  
  13  0:12  SCV  
  14  0:18  Supply Depot  
  14  0:24  SCV  
  15  0:40  SCV  
  15  0:41  Barracks  
  16  0:49  Supply Depot  
  16  0:52  SCV  
  17  0:58  Refinery  
  17  1:04  SCV  
  18  1:13  Barracks  
  18  1:17  SCV  
  19  1:28  Barracks  
  19  1:32  SCV  
  20  1:36  Marine  
  21  1:45  SCV  
  22  1:54  Reaper  
  22  1:59  Marine  
  24  2:01  Orbital Command  
  24  2:14  Barracks Tech Lab  
  24  2:31  Marine  
  24  2:32  Marine  
  24  2:34  Marauder  
  24  2:36  Stimpack  
  28  2:50  Marine x2  
  30  3:04  Supply Depot  
  30  3:05  Supply Depot  
  30  3:07  Marine, Supply Depot  
  31  3:21  Barracks Tech Lab  
  31  3:25  Marauder  
  33  3:30  Marine  
  33  3:40  Command Center  
  33  3:41  Marauder  
  33  3:47  Marauder  
  33  3:48  Marine  
  38  4:02  Factory  
  38  4:03  Marauder  
  38  4:05  Marine  
  38  4:08  Marine  
  42  4:23  Marine  
  42  4:24  Marine  
  43  4:26  Marauder  
  46  4:41  Marine  
  46  4:42  Marauder  
  48  4:47  Marauder  
  50  4:59  Marine  
  51  5:03  Marine  
  51  5:09  Marauder  
  51  5:17  Marine  
  51  5:18  SCV  
  55  5:21  Marauder  
  54  5:30  Marine  
  54  5:34  Marine  
  56  5:39  Factory Tech Lab  
Show
View Real Time Build Order
Export as new Build Order

qqq Zerg - Winner!

Build Orders: Hatch First 

Get SALT Encoding   

  12  0:01  Drone  
  13  0:11  Drone  
  14  0:18  Overlord  
  14  0:45  Hatchery  
  14  0:50  Drone  
  14  0:52  Drone  
  15  1:03  Drone x2  
  17  1:19  Drone  
  18  1:29  Extractor  
  18  1:30  Spawning Pool  
  17  1:47  Drone, Overlord  
  17  1:49  Drone  
  18  1:58  Drone  
  18  1:59  Drone  
  20  2:13  Drone  
  20  2:14  Drone  
  22  2:21  Zergling x2  
  23  2:23  Queen  
  23  2:24  Queen  
  23  2:25  Drone  
  28  2:35  Zergling x2  
  29  2:37  Drone  
  29  2:39  Metabolic Boost  
  29  2:53  Drone, Zergling x2  
  29  2:55  Drone x2  
  33  3:04  Zergling x2  
  34  3:07  Zergling x2  
  35  3:15  Zergling x2  
  35  3:16  Roach Warren  
  34  3:21  Zergling x2  
  35  3:29  Zergling x2  
  35  3:30  Overlord  
  36  3:36  Overlord  
  36  3:37  Overlord x2  
  36  3:44  Overlord  
  36  3:48  Zergling x2  
  37  3:49  Zergling x2  
  37  3:50  Zergling x4  
  37  3:54  Zergling x2  
  41  4:01  Lair  
  41  4:02  Zergling x2  
  42  4:08  Zergling x2  
  42  4:26  Zergling x6  
  38  4:35  Zergling x2  
  38  4:36  Zergling x6  
  42  4:51  Zergling x4  
  42  4:52  Zergling x4  
  43  5:05  Zergling x2  
  43  5:06  Zergling x2  
  45  5:17  Zergling x2  
  45  5:18  Zergling x6  
  45  5:19  Zergling x4  
  49  5:35  Zergling x4  
  48  5:36  Zergling x4  
Show
View Real Time Build Order
Export as new Build Order

AVP Zerg 

Build Orders: Hatch First 

Get SALT Encoding   

  12  0:00  Drone  
  13  0:09  Drone  
  14  0:18  Overlord  
  14  0:23  Extractor  
  14  0:24  Drone  
  15  0:37  Drone x2  
  17  0:47  Drone  
  18  1:01  Hatchery  
  18  1:03  Extractor  
  16  1:16  Drone  
  16  1:17  Drone  
  18  1:21  Spawning Pool  
  18  1:22  Drone  
  18  1:43  Drone x2  
  20  1:56  Drone  
  21  2:03  Overlord  
  21  2:13  Queen  
  21  2:14  Queen  
  25  2:18  Zergling x2  
  25  2:20  Metabolic Boost, Zergling x2  
  27  2:33  Spine Crawler  
  27  2:35  Drone x2  
  28  2:41  Overlord  
  28  2:56  Drone x2  
  28  2:57  Overlord  
  30  3:01  Drone x2  
  31  3:30  Drone x2  
  31  3:33  Drone  
  31  3:34  Drone x2  
  36  3:35  Overlord  
  36  3:36  Zergling x8  
  40  3:47  Lair  
  40  3:51  Roach Warren  
  40  3:53  Spore Crawler  
  40  3:54  Drone x2  
  40  4:07  Zergling x2  
  40  4:08  Zergling x4  
  40  4:36  Zergling x4  
  40  4:37  Roach x3  
  48  4:40  Overlord  
  41  4:59  Roach  
  32  5:00  Roach  
  30  5:11  Zergling x2  
  30  5:12  Zergling x2, Roach  
  30  5:14  Roach  
  30  5:23  Roach  
Show
View Real Time Build Order
Export as new Build Order

BooMer Terran 

Build Orders: 2 Factory, Mech 

Get SALT Encoding   

  12  0:01  SCV  
  13  0:13  SCV  
  14  0:21  Supply Depot  
  14  0:25  SCV  
  15  0:42  SCV  
  16  0:44  Barracks  
  16  0:47  Refinery  
  16  0:54  SCV  
  17  1:06  SCV  
  17  1:18  Supply Depot  
  17  1:19  SCV  
  18  1:29  Refinery  
  18  1:31  SCV  
  19  1:39  Reaper  
  20  1:43  SCV  
  21  1:55  SCV  
  22  2:07  SCV  
  23  2:15  Command Center  
  23  2:19  SCV  
  24  2:31  SCV  
  24  2:33  Factory  
  24  2:53  Orbital Command  
  24  2:57  Factory  
  24  3:13  Engineering Bay  
  24  3:18  Factory Tech Lab  
  24  3:19  SCV  
  25  3:27  Supply Depot  
  25  3:34  Orbital Command  
  25  3:43  Siege Tank  
  25  3:45  Factory Reactor  
  28  3:49  SCV  
  29  3:55  Missile Turret  
  29  4:01  SCV  
  30  4:03  SCV  
  31  4:13  SCV  
  31  4:15  Hellion  
  30  4:34  Hellion x2  
  30  4:37  Hellion  
  32  4:47  SCV  
  33  4:55  Hellion x2  
  33  4:58  Hellion  
  34  5:17  Hellion x2  
  32  5:36  Factory  
  32  5:37  SCV  
Tags
 
Add a new tag
Caveats
  • Supply blocks, unpowered buildings, or Contaminate may cause inaccurate times.
  • Supply counts are checked every 10 seconds.